 Dungeon Crawl Stone Soup version 0.21.1-1-g345015f (webtiles) character file.

346 wotfoxis the Skirmisher (level 6, -2/56 HPs)
             Began as a Hill Orc Fighter on Feb 19, 2018.
             Was an Initiate of Makhleb.
             Slain by xccam's ghost (11 damage)
             ... on level 4 of the Dungeon.
             The game lasted 00:13:31 (3333 turns).

wotfoxis the Skirmisher (Hill Orc Fighter)          Turns: 3333, Time: 00:13:32

Health: -2/56      AC:  9    Str: 19    XL:     6   Next: 59%
Magic:  6/6        EV:  7    Int:  8    God:    Makhleb [......]
Gold:   238        SH:  9    Dex: 12    Spells: 5/5 levels left

rFire    . . .     SeeInvis +   a - +0 long sword
rCold    . . .     Gourm    .   c - +0 shield
rNeg     . . .     Faith    .   b - +0 scale mail
rPois    .         Spirit   .   e - +0 helmet
rElec    .         Reflect  .   r - +0 cloak
rCorr    .         Harm     .   (no gloves)
MR       .....                  (no boots)
Stlth    ..........             (no amulet)
HPRegen  0.18/turn              v - ring of see invisible
MPRegen  0.10/turn              (no ring)

@: no status effects
A: no striking features
a: Renounce Religion


You were on level 4 of the Dungeon.
You worshipped Makhleb.
Makhleb was noncommittal.
You were not hungry.

You visited 1 branch of the dungeon, and saw 4 of its levels.

You collected 238 gold pieces.

Inventory:

Hand Weapons
 a - a +0 long sword (weapon)
Armour
 b - a +0 scale mail (worn)
 c - a +0 shield (worn)
 e - a +0 helmet (worn)
 r - a +0 cloak (worn)
Jewellery
 v - a ring of see invisible (left hand)
Scrolls
 g - a scroll of identify
 h - a scroll of enchant armour {unknown}
 i - a scroll of magic mapping
 j - 2 scrolls of teleportation {unknown}
 k - a scroll of noise {unknown}
 l - a scroll of remove curse {unknown}
 m - a scroll of immolation {unknown}
 n - a scroll of enchant weapon {unknown}
 t - a scroll of fog {unknown}
 u - a scroll of amnesia {unknown}
Potions
 d - a potion of brilliance
 o - 2 potions of cancellation
 p - 3 potions of curing
 q - a potion of haste
 s - a potion of heal wounds
Comestibles
 f - 5 rations
 w - a chunk of flesh


   Skills:
 + Level 5.2 Fighting
 + Level 5.0 Long Blades
 + Level 4.2 Armour
 + Level 0.1 Stealth
 + Level 4.5 Shields


You had 5 spell levels left.
You didn't know any spells.

Dungeon Overview and Level Annotations

Branches:
Dungeon (4/15)
 Temple: D:4-7

Altars:
Makhleb

Annotations:
D:4 xccam's ghost, novice MiMo


Message History

You closely miss xccam's ghost.
Xccam's ghost is severely damaged.
You hit xccam's ghost but do no damage.
Xccam's ghost is severely damaged.
You block xccam's ghost's attack. Xccam's ghost closely misses you.
You slash xccam's ghost!
Xccam's ghost is severely damaged.
Xccam's ghost hits you.
You hit xccam's ghost but do no damage.
Xccam's ghost is severely damaged.
You block xccam's ghost's attack.
You hit xccam's ghost.
Xccam's ghost is almost destroyed.
Xccam's ghost hits you!
You completely miss xccam's ghost.
Xccam's ghost is almost destroyed.
Xccam's ghost barely misses you. Xccam's ghost hits you!
* * * LOW HITPOINT WARNING * * *
Xccam's ghost hits you!
You die...

###...# #.....##### #...#.#
#....## #.#...# #.#.##
##.####### #.#.# ##........#
#.#.# # #.....###.# #.#.#
####.......#,* ########.#.# #
.........#.#,* #........#.# ##
###.#........*
#@########.######. #
#.######.### #W#*,,,* *..#.....
#.# *.# *#.#*,,,***#.#.###. #.#
*,#***...,,,,,,*#.#<# ## #.#
*,*,,,...,,.,,,*#W#.# #
#.#*****,,,,#....,....##.#W####
#..,,,,,,,*,#.#................
********,,,,#.,.#...####.......
**,********,****##...###


You could see xccam's ghost.

Vanquished Creatures
  Sigmund (D:3)
  A bullfrog skeleton (D:4)
  4 adders
  2 oozes
  2 worms
  3 dart slugs
  2 leopard geckos
  4 orcs
  8 giant cockroaches
  10 goblins
  6 hobgoblins
  13 jackals
  2 quokkas (D:2)
  9 bats
  4 frilled lizards
  3 kobolds (D:1)
  12 rats
86 creatures vanquished.

Notes
Turn   | Place    | Note
-------+----------+-------------------------------------------
     0 | D:1      | wotfoxis the Hill Orc Fighter began the quest for the Orb.
     0 | D:1      | Reached XP level 1. HP: 19/19 MP: 1/1
    83 | D:1      | Reached XP level 2. HP: 26/27 MP: 2/2
   588 | D:1      | Reached XP level 3. HP: 32/33 MP: 3/3
   976 | D:2      | Reached XP level 4. HP: 35/40 MP: 4/4
  2258 | D:3      | Reached XP level 5. HP: 47/47 MP: 5/5
  2271 | D:3      | Found a burning altar of Makhleb.
  2303 | D:3      | Became a worshipper of Makhleb the Destroyer
  2422 | D:3      | Found a faded altar of an unknown god.
  2552 | D:3      | Noticed Sigmund
  2574 | D:3      | Killed Sigmund
  2574 | D:3      | Reached XP level 6. HP: 24/55 MP: 6/6
  2681 | D:4      | Noticed xccam's ghost (novice MiMo)
  3154 | D:4      | Reached skill level 5 in Fighting
  3267 | D:4      | Reached skill level 5 in Long Blades
  3333 | D:4      | Slain by xccam's ghost

Skill      XL: |  1  2  3  4  5  6 |
---------------+-------------------+-----
Fighting       | 4 5 |  5.2
Long Blades    | 3 4 5 |  5.0
Shields        | 4 |  4.5
Armour         | 4 |  4.2
Stealth        | |  0.1

Action                   |  1- 3 |  4- 6 || total
-------------------------+-------+-------++-------
Melee: Long sword        |   143 |   224 ||   367
  Use: Scroll            |       |     6 ||     6
       Potion            |       |     3 ||     3
  Eat: Chunk             |     1 |     2 ||     3
       Ration            |       |     2 ||     2
Armor: Scale mail        |    86 |    90 ||   176
Dodge: Dodged            |    53 |    77 ||   130
Block: Shield            |    80 |    96 ||   176
       Rpst.: Long sword |    14 |    16 ||    30
